 Dungeon Crawl Stone Soup version 0.23-a0-368-g82e9058 (webtiles) character file.

256 Cryolive the Digger (level 6, -3/32 HPs)
             Began as a Gargoyle Earth Elementalist on Oct 23, 2018.
             Killed by divine providence
             ... invoked by an orc priest
              (12 damage)
             ... on level 4 of the Dungeon on Oct 24, 2018.
             The game lasted 00:12:23 (2666 turns).

Cryolive the Digger (Gargoyle Earth Elementalist)   Turns: 2666, Time: 00:12:23

Health: -3/32      AC:  6    Str: 11    XL:     6   Next: 16%
Magic:  1/11       EV: 12    Int: 18    God:
Gold:   176        SH:  0    Dex: 10    Spells: 3/12 levels left

rFire    . . .     SeeInvis .   h - +2 flail (holy)
rCold    . . .     Gourm    .   (no shield)
rNeg     + . .     Faith    .   c - +0 robe
rPois    ∞         Spirit   .   (no helmet)
rElec    +         Reflect  .   (no cloak)
rCorr    .         Harm     .   (no gloves)
MR       .....                  (no boots)
Stlth    ++........             (no amulet)
HPRegen  0.10/turn              (no ring)
MPRegen  0.12/turn              (no ring)

@: no status effects
A: negative energy resistance 1, electricity resistance, unbreathing,
petrification resistance, rot immunity, AC +4
a: no special abilities


You were on level 4 of the Dungeon.
You were hungry.

You visited 1 branch of the dungeon, and saw 4 of its levels.

You collected 176 gold pieces.

Inventory:

Hand Weapons
 h - a +2 flail of holy wrath (weapon)
 n - a +4 whip
Missiles
 b - 116 stones (quivered)
Armour
 c - a +0 robe (worn)
 e - a cursed +0 leather armour
Jewellery
 j - a cursed ring of attention {unknown}
 m - an uncursed ring of ice {unknown}
Scrolls
 a - a scroll of enchant weapon {unknown}
 i - 3 scrolls of remove curse
 k - a scroll of random uselessness {unknown}
 l - 2 scrolls of identify {unknown}
 q - a scroll of blinking {unknown}
Potions
 f - 2 potions of curing {unknown}
 g - a potion of might {unknown}
 o - a potion of brilliance {unknown}
 p - a potion of mutation {unknown}
Comestibles
 d - 5 rations


   Skills:
 - Level 1.5 Dodging
 - Level 2.1 Stealth
 + Level 3.8 Spellcasting
 + Level 3.0 Conjurations
   Level 0.7 Transmutations
 + Level 5.6 Earth Magic


You had 3 spell levels left.
You knew the following spells:

 Your Spells              Type           Power        Failure   Level  Hunger
a - Sandblast             Erth           ###...       1%          1    None
b - Stone Arrow           Conj/Erth      ###...       8%          3    ###....
c - Lee's Rapid Deconstr  Erth           ###.......   38%         5    ######.

Your spell library contained the following spells:

 Spells                   Type           Power        Failure   Level  Hunger
 Passwall                 Tmut/Erth      ##......     6%          2    ##.....
 Petrify                  Tmut/Erth      ##......     38%         4    ####...


Dungeon Overview and Level Annotations

Branches:
Dungeon (4/15)
 Temple: D:4-7

Altars:
Okawaru


Innate Abilities, Weirdness & Mutations

You are resistant to torment.
Your stone body is resilient. (AC +4)
You are immune to poison.
You resist negative energy. (rN+)
You are resistant to electric shocks. (rElec)
You can survive without breathing.
You are immune to petrification.
You are immune to rotting.


Message History

Tha orc barely misses ye.
An orc comes inta view.
Ye barely miss tha orc.
Tha orc be moderately wounded.
Tha orc hits ye wit' a +0 club.
* * * LOW HITPOINT WARNIN'
* * * Tha orc completely misses ye.
Tha orc shouts!
Ye hit tha orc.
Tha orc be moderately wounded.
Ye be feelin' hungry.
Tha orc closely misses ye.
Ye hit tha orc but do nay damage.
Tha orc be moderately wounded.
Tha orc hits ye but does nay damage.
Ye sock tha orc!
Ye kill tha orc!
Tha orc priest calls down tha wrath o' Beogh upon ye.
Beogh smites ye!
Ye die...

>. #........####....#
...######......##.....######
....................##......
....#####......##...##.#####
...............##...##.#####
............................
##......########...##.#####
#.....o########...##.#
#.....oo)@...........#####
#....†.#######............
.........# #......#.######
........h# #......#.#
.........# #......#.#
.......### #......#.#
h##+##h#######......#.#
h..............#.#
.#######......#..


You could see an orc priest and 2 orcs.

Vanquished Creatures
  A bullfrog skeleton (D:4)
  2 orc wizards
  A worker ant (D:4)
  6 adders
  An ooze (D:3)
  A worm (D:2)
  3 dart slugs
  3 leopard geckos
  9 orcs
  7 bats
  A giant cockroach (D:3)
  3 hobgoblins
  4 jackals (D:4)
  A quokka (D:3)
  3 frilled lizards
  6 goblins
  13 kobolds
  10 rats
75 creatures vanquished.

Notes
Turn   | Place    | Note
-------+----------+-------------------------------------------
     0 | D:1      | Cryolive the Gargoyle Earth Elementalist began the quest
                  | for the Orb.
     0 | D:1      | Reached XP level 1. HP: 10/10 MP: 3/3
   279 | D:1      | Reached skill level 4 in Earth Magic
   279 | D:1      | Reached XP level 2. HP: 5/15 MP: 5/5
   636 | D:1      | Reached XP level 3. HP: 19/19 MP: 7/7
   693 | D:1      | Learned a level 3 spell: Stone Arrow
  1214 | D:2      | Reached skill level 1 in Conjurations
  1214 | D:2      | Reached XP level 4. HP: 23/24 MP: 5/8
  1977 | D:3      | Reached skill level 5 in Earth Magic
  2080 | D:3      | Found an iron altar of Okawaru.
  2110 | D:3      | Reached XP level 5. HP: 24/28 MP: 9/9
  2117 | D:3      | Learned a level 5 spell: Lee's Rapid Deconstruction
  2593 | D:3      | You fall through a shaft!
  2652 | D:4      | Reached XP level 6. HP: 9/32 MP: 5/11
  2666 | D:4      | Killed from afar by an orc priest

Vault maps used:
D:1:      kilobyte_arrival_exit_the_forest, kennysheep_boxes
D:3:      bloody_trog, lemuel_doored_altar, first_ration
D:4:      ashenzari_altar_1

Skill      XL: |  1  2  3  4  5 |
---------------+----------------+-----
Earth Magic    | 4 5 |  5.6
Spellcasting   | 3 |  3.8
Conjurations   | 1 3 |  3.0
Dodging        | |  1.5
Stealth        | |  2.1
Transmutations | |  0.7

Action                   |  1- 3 |  4- 6 || total
-------------------------+-------+-------++-------
Melee: Hand axe          |    63 |       ||    63
       Dagger            |    15 |    78 ||    93
       Flail             |       |    33 ||    33
 Cast: Sandblast         |    17 |    33 ||    50
  Use: Scroll            |       |     1 ||     1
 Stab: Sleeping          |     1 |     2 ||     3
  Eat: Chunk             |       |     2 ||     2
       Ration            |       |     1 ||     1
Armor: Robe              |    26 |    33 ||    59
Dodge: Dodged            |    56 |    74 ||   130

Table legend:
 A = Non-vault XP
 B = Vault XP
 C = Vault XP percentage of total XP
 D = Non-vault monster count
 E = Vault monster count
 F = Vault count percentage of total count
                 A         B        C        D         E       F
            +---------+---------+-------+---------+---------+-------
      Total |     367 |       0 |   0.0 |      75 |       0 |   0.0
            +---------+---------+-------+---------+---------+-------
        D:1 |      47 |       0 |   0.0 |      27 |       0 |   0.0
        D:2 |      83 |       0 |   0.0 |      20 |       0 |   0.0
        D:3 |     111 |       0 |   0.0 |      20 |       0 |   0.0
        D:4 |     126 |       0 |   0.0 |       8 |       0 |   0.0
            +---------+---------+-------+---------+---------+-------
